 Dungeon Crawl Stone Soup version 0.31-a0-1084-gb392501acf (webtiles) character file.

Game seed: 11419422579603359488

168294 CrazyBamboolord the Mimic (level 17, -6/166 HPs)
             Began as a Grey Draconian Shapeshifter on Nov 28, 2023.
             Was an Initiate of Gozag.
             Mangled by a white very ugly thing (41 damage)
             ... on level 2 of the Abyss.
             The game lasted 01:17:36 (37528 turns).

CrazyBamboolord the Mimic (DrSh)                   Turns: 37528, Time: 01:17:37

Health: -6/166     AC: 27    Str: 19      XL:     17   Next: 33%
Magic:  17/17      EV: 18    Int: 10 (11) God:    Gozag
Gold:   1826       SH: 14    Dex: 18      Spells: 16/16 levels left

rFire   + .          .
                       - Unarmed
rCold   . . .        Z - +2 kite shield {rN+}
rNeg    + + .        (body armour unavailable)
rPois   ∞            (helmet restricted)
rElec   +            x - +1 cloak {rF+}
rCorr   .            R - melded +0 pair of gloves {infuse}
SInv    +            o - melded +2 pair of boots
Will    +....        K - amulet of the acrobat
Stlth   +++++        u - ring of see invisible
HPRegen 0.47/turn    L - +6 ring of dexterity
MPRegen 0.15/turn

%: acrobat
@: statue-form, gold aura, very slow
A: slow and powerful, torment resistance 1, boosted hp, AC +14, amphibious,
unfitting armour, cold-blooded, [deterioration 2], [weak 2], [no potion heal 2],
[inability to drink after injury 2], [inability to read after injury 2]
a: Begin Untransformation, Renounce Religion, Potion Petition, Call Merchant,
Bribe Branch


You were on level 2 of the Abyss.
You worshipped Gozag.
Gozag was most pleased with you.
You were a living statue of rough stone.
You visited 5 branches of the dungeon, and saw 25 of its levels.
You visited the Abyss 2 times.
You also visited: Sewer, Gauntlet, Ice Cave and Volcano.

You collected 10268 gold pieces.
You spent 1135 gold pieces at shops.
You paid 7307 gold pieces to Gozag.

Inventory:

Hand Weapons
 a - the +3 greatsling "Punk" {acid, rCorr}
   (You found it on level 7 of the Dungeon)

   rCorr:     It protects you from acid and corrosion.
Armour
 o - a +2 pair of boots (melded)
 x - a +1 cloak of fire resistance (worn)
 R - a +0 pair of gloves of infusion (melded)
 S - a scarf of resistance
 Y - a +1 pair of boots of stealth
 Z - a +2 kite shield of positive energy (worn)
Jewellery
 g - a ring of positive energy
 k - a +6 ring of strength
 n - a ring of protection from cold
 u - a ring of see invisible (left fist)
 F - a ring of protection from cold
 K - an amulet of the acrobat (around neck)
 L - a +6 ring of dexterity (right fist)
Talismans
 b - a beast talisman
 I - a granite talisman (active)
 X - a storm talisman
Wands
 y - a wand of paralysis (38)
 A - a wand of flame (51)
 H - a wand of light (11)
 J - a wand of digging (7)
Scrolls
 f - 2 scrolls of torment
 h - 4 scrolls of vulnerability
 i - a scroll of amnesia
 m - 4 scrolls of revelation
 q - a scroll of blinking
 r - 6 scrolls of enchant armour
 s - 2 scrolls of silence
 t - 3 scrolls of teleportation
 z - 2 scrolls of fog
 D - 5 scrolls of brand weapon
 M - 3 scrolls of immolation
 O - a scroll of noise
 Q - a scroll of butterflies
 V - 2 scrolls of poison
Potions
 c - a potion of resistance {unknown}
 d - 3 potions of curing
 e - 3 potions of attraction {unknown}
 j - 2 potions of ambrosia
 l - 2 potions of cancellation
 p - a potion of magic {unknown}
 v - 3 potions of brilliance {unknown}
 w - 3 potions of might
 B - 3 potions of lignification
 C - 3 potions of enlightenment
 E - 5 potions of mutation {unknown}
 P - a potion of berserk rage {unknown}
 T - a potion of invisibility {unknown}
 U - a potion of haste {unknown}
Miscellaneous
 N - a phantom mirror


   Skills:
 - Level 12.5 Fighting
 - Level 14.0 Ranged Weapons
 - Level 10.8 Dodging
 - Level 10.0 Stealth
 - Level 10.5 Shields
 - Level 11.8 Unarmed Combat
 * Level 14.6 Shapeshifting


You had 16 spell levels left.
You didn't know any spells.
Your spell library contained the following spells:

 Spells                   Type           Power      Damage    Failure   Level
 Apportation              Tloc           0%         N/A       58%         1
 Magic Dart               Conj           0%         1d3       58%         1
 Necrotise                Necr           0%         1d4       58%         1
 Sting                    Tmut/Pois      0%         1d3       58%         1
 Summon Small Mammal      Summ           0%         N/A       58%         1
 Blink                    Tloc           0%         N/A       73%         2
 Call Imp                 Summ           0%         N/A       73%         2
 Ensorcelled Hibernation  Hex/Ice        0%         N/A       73%         2
 Jinxbite                 Hex            0%         N/A       73%         2
 Lesser Beckoning         Tloc           0%         N/A       73%         2
 Passwall                 Tmut/Erth      0%         N/A       73%         2
 Poisonous Vapours        Pois/Air       0%         N/A       73%         2
 Searing Ray              Conj           0%         2d4       73%         2
 Static Discharge         Conj/Air       0%         3-3/arc   73%         2
 Wereblood                Tmut           0%         N/A       73%         2
 Gell's Gravitas          Tloc           0%         N/A       91%         3
 Mephitic Cloud           Conj/Pois/Air  0%         N/A       91%         3
 Sigil of Binding         Hex            0%         N/A       91%         3
 Swiftness                Air            0%         N/A       91%         3
 Teleport Other           Tloc           0%         N/A       91%         3
 Volatile Blastmotes      Fire/Tloc      0%         2d10      91%         3
 Airstrike                Air            0%         2d(0-16)  100%        4
 Fulminant Prism          Conj/Hex       0%         3d5       100%        4
 Iskenderun's Mystic Bla  Conj/Tloc      0%         2d3       100%        4
 Manifold Assault         Tloc           0%         N/A       100%        4
 Olgreb's Toxic Radiance  Pois           0%         N/A       100%        4
 Summon Lightning Spire   Summ/Air       0%         N/A       100%        4
 Alistair's Intoxication  Tmut/Pois      0%         N/A       100%        5
 Borgnjor's Vile Clutch   Necr/Erth      0%         N/A       100%        5
 Metabolic Englaciation   Hex/Ice        0%         N/A       100%        5
 Death Channel            Necr           0%         N/A       100%        6
 Discord                  Hex            0%         N/A       100%        8
 Ignition                 Fire           0%         3d3       100%        8
 Animate Dead             Necr           Unusable   N/A       N/A         4

Dungeon Overview and Level Annotations

Branches:
Dungeon (14/15)            Temple (0/1) D:4            Lair (5/5) D:8
 Shoals (1/4) Lair:3       Spider (3/4) Lair:2        Slime (0/5) Lair:4
    Orc (2/2) D:10            Elf (0/3) Orc:2         Sewer (visited)
  IceCv (visited)         Volcano (visited)         Gauntlet (visited)
 Vaults: D:13-14

Altars:
Ashenzari
Dithmenos
Gozag
Hepliaklqana
Kikubaaqudgha
Okawaru
Wu Jian
Yredelemnul
Jiyva

Shops:
D:8 =   Orc:2 [:(?   Lair:1 *   Lair:4 [

Portals:
Abyss: Lair:1

Annotations:
D:1 exclusion: downstairs
D:14 Louise
Lair:1 1 transporter
Shoals:1 Aizul
Spider:2 3 runed translucent doors, jotaen's ghost, journeyman MiMo
Orc:2 3 runed translucent doors, farilari's ghost, adept SpHu


Innate Abilities, Weirdness & Mutations

You are a living statue of rough stone.
Your actions are slow, but your melee attacks are powerful.
You are resistant to unholy torment.
Your maximum health is increased.
Your equipment is partially melded.
((Your dull iron-grey scales are very hard. (AC +14)))
You are amphibious.
You cannot fit into any form of body armour.
You are immune to poison.
You are cold-blooded and may be slowed by cold attacks.
[Your body often deteriorates upon taking damage.]
[You are very weak. (Str -4)]
[Potions cannot restore your health.]
[You sometimes lose the ability to drink potions when taking damage.]
[You sometimes lose the ability to read scrolls when taking damage.]


Message History

The purple very ugly thing completely misses you.
The purple very ugly thing closely misses you.
You pummel the purple very ugly thing!!
The purple very ugly thing is moderately wounded.
The large abomination is no longer distracted by gold.
The purple very ugly thing tail-slaps you.
The white very ugly thing basks in the mutagenic energy from its kin and changes!
Unknown command.
Unknown command.
The wretched star pulses with an eldritch light!
You feel weaker. x2
The purple very ugly thing basks in the mutagenic energy from its kin and changes!
Unknown command.
You hit the wretched star but do no damage.
Unknown command.
You completely miss the wretched star.
You tail-slap the wretched star, but do no damage.
Unknown command.
You barely miss the wretched star. The white very ugly thing claws you!
The white very ugly thing freezes you!!
You feel yourself slow down.
* * * LOW HITPOINT WARNING * * *
Your body deteriorates!
You feel dopey.
The white very ugly thing pecks you but does no damage.
The white ugly thing is distracted by your dazzling golden aura.
The white very ugly thing misses you.
You block the white very ugly thing's attack.
You closely miss the wretched star.
You tail-slap the wretched star, but do no damage.
You feel yourself speed up.
The white ugly thing is no longer distracted by gold.
The wretched star pulses with an eldritch light!
Your system partially rejects the healing effects of potions.
Your system completely rejects the healing effects of potions.
You occasionally lose the ability to drink potions when taking damage.
You lose the ability to drink potions when taking damage more often.
The white very ugly thing claws you.
* * * LOW HITPOINT WARNING * * *
The white very ugly thing freezes you!!!
You die...
Your body crumbles into a pile of gold.

.#.. ..#.... ....∩
. .... . . #..#
... . #..##... ...
###..∩.#
##..##..#u#.#
....#∩.uu8*.#
.##..##.X####.....
.... ###u#.. .#.
...... #.$......
....... .#.......
. .. . .#..#.....
.. ..#. ###.....
... # ..#.... #.
.##


You could see 3 very ugly things, a wretched star, a white ugly thing and a
large abomination.

Vanquished Creatures
  Roxanne (Shoals:1)
  2 ghost moths
  3 emperor scorpions
  2 broodmothers (Spider:1)
  A stone giant (Orc:2)
  A minotaur (Gauntlet)
  A dire elephant (Lair:5)
  Azrael (Spider:3)
  3 spark wasps
  4 entropy weavers
  A merfolk impaler (Shoals:1)
  Josephine (Lair:2)
  2 hydras
  A jorogumo (Spider:2)
  8 boulder beetles
  2 merfolk avatars
  A centaur warrior (D:13)
  The ghost of Gladio the Geomancer, a novice MeEE of Ashenzari (Lair:1)
  9 two-headed ogres
  2 radroaches
  17 death yaks
  A hell hog (Volcano)
  An occultist (D:13)
  3 tengu warriors
  11 demonic crawlers
  An orc high priest (Orc:2)
  2 sun demons
  A sixfirhy (Abyss:2)
  2 skysharks
  Amaemon (D:8)
  A sea snake (Shoals:1)
  3 pharaoh ants
  2 large abominations (Abyss:2)
  6 orb spiders
  A glowing orange brain (Abyss:2)
  Pikel (D:5)
  12 orc knights
  7 steelbarb worms
  A harpy (Lair:5)
  4 deep elf pyromancers
  A spectral wolf spider (Spider:1)
  8 wolf spider zombies (Spider:1)
  4 orc sorcerers (Orc:2)
  14 wolf spiders
  2 cyclopes
  2 oklob plants
  2 fauns (Shoals:1)
  Maurice (D:8)
  5 manticores
  Joseph (D:8)
  4 moths of wrath
  6 ugly things
  8 elephants (Lair:5)
  A rust devil (Abyss:2)
  2 salamanders (Volcano)
  4 black mambas
  A merfolk siren (Shoals:1)
  2 smoke demons (Abyss:2)
  3 ice statues
  2 molten gargoyles (Lair:3)
  2 orange demons
  8 torpor snails
  8 rime drakes
  A gargoyle (D:11)
  14 cane toads
  14 komodo dragons
  3 red devils (Orc:1)
  4 polar bears (Lair:5)
  5 merfolk (Shoals:1)
  4 trolls
  A merfolk (shapeshifter) (Lair:1)
  3 meliai (Spider:3)
  A queen bee (Gauntlet)
  3 hellwings (Abyss:2)
  20 tarantellas
  5 wolf spider simulacra (Spider:1)
  2 wind drakes (Lair:5)
  2 hornets
  8 saltlings (Orc:2)
  4 snapping turtles
  Prince Ribbit (D:5)
  10 blink frogs
  5 dream sheep (Lair:5)
  2 centaur simulacra (Gauntlet)
  5 flying skulls (Abyss:2)
  8 wraiths
  Sigmund (D:6)
  24 culicivoras
  2 shadows (D:10)
  A water elemental (D:13)
  11 jumping spiders
  10 wyverns
  A vampire (D:12)
  A ynoxinul (Abyss:2)
  5 fire elementals (Spider:3)
  A chaos spawn (Abyss:2)
  2 fire bats (Volcano)
  62 yaks
  10 basilisks
  Grum (D:9)
  A steam dragon (Lair:5)
  54 redbacks
  A death yak simulacrum (D:13)
  5 vampire mosquitoes
  6 wargs
  4 acid dragons
  4 small abominations (Abyss:2)
  Edmund (D:4)
  3 hell hounds
  9 water moccasins
  19 orc warriors
  A black bear (Lair:3)
  2 ice beasts
  7 ogres
  7 wolves
  6 centaurs
  A phantom (D:6)
  A lemure (D:5)
  Blork the orc (D:5)
  2 kobold brigands
  15 bullfrogs
  A gnoll sergeant (D:9)
  A cane toad simulacrum (IceCv)
  2 scorpions
  A two-headed ogre simulacrum (D:13)
  13 wights
  20 killer bees
  An elephant simulacrum (IceCv)
  8 electric eels
  A howler monkey (D:6)
  A crimson imp (D:13)
  5 lava snakes (Lair:3)
  A wyvern simulacrum (Gauntlet)
  10 jellies
  13 orc priests
  3 hounds
  4 gnoll boudas
  6 starcursed masses (Abyss:2)
  A sleepcap (D:5)
  4 iguanas
  23 orc wizards
  2 polar bear simulacra
  3 hell rats (Lair:3)
  A troll simulacrum (D:13)
  2 wolf simulacra
  23 gnolls
  14 adders
  3 naga simulacra (D:13)
  A shadow imp (D:6)
  A white imp (D:7)
  6 ufetubi
  2 dart slugs
  63 orcs
  8 endoplasms
  10 giant cockroaches
  3 hobgoblins
  5 quokkas
  6 ball pythons
  4 bats
  15 frilled lizards
  3 goblins
  9 kobolds
  6 rats
932 creatures vanquished.

Vanquished Creatures (others)
  An unseen horror (D:13)
  A small abomination (Abyss:2)
2 creatures vanquished.

Grand Total: 934 creatures vanquished

Notes
Turn   | Place    | Note
-------+----------+-------------------------------------------
     0 | D:1      | CrazyBamboolord the Draconian Shapeshifter began the quest
                  | for the Orb.
     0 | D:1      | Reached XP level 1. HP: 16/16 MP: 1/1
   405 | D:1      | Reached XP level 2. HP: 23/23 MP: 2/2
   843 | D:2      | Reached XP level 3. HP: 28/29 MP: 3/3
  1121 | D:2      | Reached XP level 4. HP: 36/36 MP: 4/4
  1774 | D:3      | Found an opulent altar of Gozag.
  1797 | D:3      | Became a worshipper of Gozag Ym Sagoz the Greedy
  1823 | D:3      | Found a hazy altar of Hepliaklqana.
  1875 | D:3      | Found an ornate altar of the Wu Jian Council.
  2119 | D:3      | Noticed an ogre
  2127 | D:3      | Killed an ogre
  2128 | D:3      | Reached XP level 5. HP: 45/45 MP: 5/5
  2241 | D:4      | Noticed Edmund
  2317 | D:4      | Found a staircase to the Ecumenical Temple.
  2746 | D:4      | Found an iron altar of Okawaru.
  2931 | D:5      | Entered Level 5 of the Dungeon
  2931 | D:5      | Noticed Prince Ribbit
  2975 | D:5      | Killed Prince Ribbit
  2976 | D:5      | Reached XP level 6. HP: 28/52 MP: 6/6
  3040 | D:5      | Noticed Pikel
  3120 | D:5      | Killed Pikel
  3121 | D:5      | Reached skill level 5 in Unarmed Combat
  3121 | D:5      | Reached skill level 5 in Shapeshifting
  3121 | D:5      | Your scales start taking on a dull iron-grey colour.
  3121 | D:5      | Reached XP level 7. HP: 15/60 MP: 7/7
  3238 | D:5      | Reached skill level 5 in Fighting
  3238 | D:5      | Reached XP level 8. HP: 51/68 MP: 8/8
  3285 | D:5      | Found a glowing drain.
  3301 | Sewer    | Entered a sewer
  3448 | Sewer    | Identified the +5 hand axe of Darkness {flame, rC- Int+6}
  3617 | D:5      | Noticed Blork the orc
  3623 | D:5      | Killed Blork the orc
  3668 | D:5      | Found an ancient bone altar of Kikubaaqudgha.
  3952 | D:5      | Reached skill level 5 in Dodging
  4173 | D:5      | You fall into a shaft and drop 2 floors!
  4187 | D:7      | Found the +3 greatsling "Punk" {acid, rCorr}
  4255 | D:7      | Reached skill level 1 in Shields
  4599 | D:6      | Reached skill level 1 in Ranged Weapons
  4599 | D:6      | Reached XP level 9. HP: 75/75 MP: 9/9
  5047 | D:6      | Noticed Sigmund
  5061 | D:6      | Killed Sigmund
  5797 | D:8      | Noticed a two-headed ogre
  6110 | D:8      | Killed a two-headed ogre
  6111 | D:8      | Reached XP level 10. HP: 50/86 MP: 10/10
  6283 | D:8      | Noticed a two-headed ogre
  6293 | D:8      | Killed a two-headed ogre
  6491 | D:8      | Noticed Maurice
  6515 | D:8      | Killed Maurice
  6814 | D:8      | Found a staircase to the Lair.
  6887 | D:8      | Noticed Joseph
  6899 | D:8      | Killed Joseph
  7157 | D:8      | Noticed an orange demon
  7158 | D:8      | Noticed Amaemon
  7161 | D:8      | Killed an orange demon
  7185 | D:8      | Killed Amaemon
  7371 | D:8      | Found Cacvaal's Jewellery Boutique.
  7756 | D:9      | Reached XP level 11. HP: 97/97 MP: 11/11
  8417 | D:9      | Noticed Grum
  8439 | D:9      | Killed Grum
  8637 | D:10     | Entered Level 10 of the Dungeon
  8872 | D:10     | Found a shadowy altar of Dithmenos.
  9141 | D:10     | Noticed an orc knight
  9171 | D:10     | Killed an orc knight
  9200 | D:10     | Found a staircase to the Orcish Mines.
  9595 | D:10     | Found a broken altar of Ashenzari.
  9972 | Lair:1   | Entered Level 1 of the Lair of Beasts
  9987 | Lair:1   | Noticed a spriggan rider
 10272 | D:10     | Noticed a two-headed ogre
 10280 | D:10     | Killed a two-headed ogre
 10281 | D:10     | Reached skill level 5 in Shields
 10430 | Lair:1   | Reached skill level 10 in Fighting
 10925 | Lair:1   | Noticed a sun demon
 11232 | Lair:1   | Reached skill level 10 in Unarmed Combat
 11329 | Lair:1   | Found a transporter.
 11333 | Lair:1   | Found a one-way gate to the infinite horrors of the Abyss.
 11336 | Lair:1   | Noticed Gladio's ghost (novice MeEE)
 11349 | Lair:1   | Found a transporter.
 11466 | Lair:1   | Reached skill level 5 in Ranged Weapons
 11466 | Lair:1   | Reached XP level 12. HP: 107/107 MP: 12/12
 11542 | Lair:1   | Noticed a two-headed ogre
 11589 | Lair:1   | Bought a scroll of enchant armour for 255 gold pieces
 11589 | Lair:1   | Bought 2 potions of heal wounds for 340 gold pieces
 11589 | Lair:1   | Bought a ruby potion for 30 gold pieces
 11589 | Lair:1   | Bought an agate ring for 170 gold pieces
 11710 | Lair:2   | Noticed a boulder beetle
 11721 | Lair:2   | Killed a boulder beetle
 12544 | Lair:2   | Found a hole to the Spider Nest.
 13025 | Lair:3   | Noticed a death yak
 13028 | Lair:3   | Noticed a death yak
 13030 | Lair:3   | Noticed a death yak
 13031 | Lair:3   | Noticed a death yak
 13034 | Lair:3   | Noticed a death yak
 13035 | Lair:3   | Killed a death yak
 13049 | Lair:3   | Killed a death yak
 13060 | Lair:3   | Killed a death yak
 13067 | Lair:3   | Killed a death yak
 13073 | Lair:3   | Killed a death yak
 13074 | Lair:3   | Reached skill level 10 in Dodging
 13320 | Lair:3   | Found a staircase to the Shoals.
 13465 | Lair:3   | You fall into a shaft and drop 2 floors!
 13465 | Lair:5   | Entered Level 5 of the Lair of Beasts
 13713 | Lair:5   | Reached XP level 13. HP: 86/118 MP: 13/13
 14022 | Lair:5   | Noticed a dire elephant
 14077 | Lair:4   | Reached skill level 1 in Stealth
 14669 | Lair:4   | Found a staircase to the Slime Pits.
 14670 | Lair:4   | Found a viscous altar of Jiyva.
 14709 | Lair:4   | Found a dark tunnel.
 14721 | Volcano  | Entered a volcano
 15358 | Volcano  | Reached skill level 5 in Stealth
 16510 | Lair:3   | Reached XP level 14. HP: 48/125 MP: 14/14
 18024 | Lair:4   | Bought a +0 pair of gloves of infusion for 172 gold pieces
 18152 | Lair:5   | Identified the +3 falchion of the Distant Future {heavy,
                  | rElec rF+++ Str-5 SInv}
 18223 | Lair:5   | Reached skill level 10 in Shields
 19516 | Orc:1    | Entered Level 1 of the Orcish Mines
 19750 | Orc:1    | Reached skill level 10 in Ranged Weapons
 20533 | Orc:2    | Entered Level 2 of the Orcish Mines
 20533 | Orc:2    | Found a staircase to the Elven Halls.
 20864 | Orc:2    | Noticed farilari's ghost (adept SpHu)
 20866 | Orc:2    | Found a runed translucent gate.
 20870 | Orc:2    | Found a runed translucent gate.
 20870 | Orc:2    | Found a runed translucent gate.
 21248 | Orc:2    | Noticed a stone giant
 21259 | Orc:2    | Killed a stone giant
 21654 | Orc:2    | Reached XP level 15. HP: 45/133 MP: 15/15
 22124 | Orc:2    | Found Xeitess's Armour Emporium.
 22154 | Orc:2    | Found Juodoxt's Weapon Shop.
 22156 | Orc:2    | Found Siamavvuf's Book Shop.
 22213 | Orc:2    | Found Ezofiv's Magic Scroll Boutique.
 22240 | Orc:2    | Bought a scroll of fear for 56 gold pieces
 22240 | Orc:2    | Bought a scroll of fog for 56 gold pieces
 22240 | Orc:2    | Bought a scroll of poison for 56 gold pieces
 22711 | D:4      | Killed Edmund
 22893 | D:11     | Found a gate leading to a gauntlet.
 22902 | Gauntlet | Entered a Gauntlet
 22902 | Gauntlet | Found a transporter.
 22902 | Gauntlet | Found a transporter.
 22918 | Gauntlet | Found a transporter.
 22922 | Gauntlet | Found a transporter.
 22938 | Gauntlet | Found a transporter.
 22953 | Gauntlet | Found a transporter.
 22959 | Gauntlet | Found a transporter.
 22967 | Gauntlet | Found a transporter.
 22985 | Gauntlet | Found a transporter.
 22989 | Gauntlet | Found a large runed translucent door.
 22990 | Gauntlet | Found a large runed translucent door.
 22991 | Gauntlet | Found a large runed translucent door.
 22991 | Gauntlet | Found a large runed translucent door.
 22992 | Gauntlet | Found a runed translucent gate.
 22993 | Gauntlet | Found a transporter.
 22993 | Gauntlet | Found a runed translucent gate.
 22994 | Gauntlet | Found a runed translucent gate.
 22995 | Gauntlet | Found a large runed translucent door.
 22995 | Gauntlet | Found a large runed translucent door.
 22996 | Gauntlet | Found a large runed translucent door.
 22997 | Gauntlet | Found a large runed translucent door.
 23006 | Gauntlet | Found a large runed translucent door.
 23006 | Gauntlet | Found a large runed translucent door.
 23006 | Gauntlet | Found a runed translucent door.
 23006 | Gauntlet | Found a runed translucent door.
 23007 | Gauntlet | Found a large runed translucent door.
 23008 | Gauntlet | Found a large runed translucent door.
 23010 | Gauntlet | Found a transporter.
 23039 | Gauntlet | Found a transporter.
 23050 | Gauntlet | Found a large runed translucent door.
 23051 | Gauntlet | Found a large runed translucent door.
 23052 | Gauntlet | Found a large runed translucent door.
 23052 | Gauntlet | Found a large runed translucent door.
 23549 | Gauntlet | Identified the amulet "Goned" {Faith Harm Regen+ Int+2
                  | Slay-5}
 23781 | Gauntlet | Reached skill level 10 in Stealth
 23951 | Gauntlet | Identified the +1 sling "Tihiv" {heavy, rN++ rCorr}
 23952 | Gauntlet | Got the Folio of the Amorphous Wendigo
 24930 | D:12     | Found a basalt altar of Yredelemnul.
 25633 | D:13     | Found a frozen archway.
 25674 | IceCv    | Entered an ice cave
 25698 | IceCv    | Found a transporter.
 25725 | IceCv    | Found a transporter.
 25879 | IceCv    | Got the Atlas of Transposed Spellbinding
 26794 | D:14     | Noticed Louise
 26796 | Abyss:2  | Cast into level 2 of the Abyss (Louise)
 26830 | Abyss:2  | Paralysed by accursed screaming for 1 turns
 26837 | Abyss:2  | Paralysed by accursed screaming for 2 turns
 26943 | Abyss:2  | Noticed a dread lich
 26995 | Abyss:2  | Found a corrupted altar of Lugonu.
 27036 | Abyss:2  | Found a corrupted altar of Lugonu.
 27582 | Abyss:2  | Noticed a bone dragon
 27594 | Abyss:2  | Noticed a lich
 27604 | Abyss:2  | Noticed a lich
 27612 | Abyss:2  | Noticed a bone dragon
 27621 | D:14     | Escaped the Abyss
 28023 | Shoals:1 | Entered Level 1 of the Shoals
 28314 | Shoals:1 | Noticed Roxanne
 28338 | Shoals:1 | Killed Roxanne
 28642 | Shoals:1 | Identified the +5 short sword "Catan" {flame, Int+5 Dex+3}
 28720 | Shoals:1 | Identified the serpent talisman of Classification {rF+
                  | Dex-4 Stlth+}
 28720 | Shoals:1 | Noticed Aizul
 28735 | Shoals:1 | HP: 2/134 [Aizul/poison arrow (24)]
 29112 | Spider:1 | Entered Level 1 of the Spider Nest
 29168 | Lair:2   | Reached XP level 16. HP: 117/141 MP: 16/16
 30088 | Spider:1 | Noticed Josephine
 30189 | Lair:2   | Killed Josephine
 30702 | Spider:1 | Identified the +2 scale mail of the Desolation of Salt
                  | {rElec Str+3 Int-3 Stlth+}
 30811 | Spider:1 | Reached skill level 10 in Shapeshifting
 34699 | Spider:2 | Found a runed translucent gate.
 34699 | Spider:2 | Found a runed translucent gate.
 34700 | Spider:2 | Found a runed translucent gate.
 34701 | Spider:2 | Noticed jotaen's ghost (journeyman MiMo)
 34718 | Spider:2 | You fall into a shaft and drop 1 floor!
 35132 | Spider:3 | Reached XP level 17. HP: 122/148 MP: 17/17
 36959 | Spider:3 | Noticed Azrael
 36986 | Spider:3 | Killed Azrael
 37488 | Lair:1   | Killed Gladio's ghost
 37495 | Abyss:2  | Cast into level 2 of the Abyss (spriggan rider)
 37528 | Abyss:2  | Mangled by a white very ugly thing

Illustrated notes

Levels and vault maps discovered:
D:1:      grunt_arrival_lava_bath, layout_loops_ring,
          wad_floor_pattern_untrapped, minmay_cut_off
D:2:      layout_loops_ring, minmay_increasing_density
D:3:      layout_rooms, mainiacjoe_overflow_small_starburst,
          mainiacjoe_overflow_chevrons, mainiacjoe_overflow_cross_hatched
D:4:      layout_rooms, mainiacjoe_overflow_surrounded_room,
          minmay_temple_entry_junction, chequers_decorated_corner, uniq_edmund
D:5:      layout_basic, mainiacjoe_overflow_24_doors, portal_sewer_entry_d,
          corexii_leaking_fountain, grunt_ministairs_2, uniq_pikel,
          uniq_prince_ribbit1, uniq_crazy_yiuf_cottage, uniq_blork_the_orc
D:6:      layout_loops_cross, uniq_sigmund
D:7:      layout_cave_pools, kennysheep_another_room
D:8:      layout_rooms, lair_entry_dummy, serial_shops, shop,
          minmay_starry_boxes, uniq_joseph, uniq_amaemon, uniq_maurice
D:9:      layout_stronghold, uniq_grum
D:10:     layout_loops_ring, erik_orc_2, dk_noncrumbling_2, minivault_11,
          hangedman_feature_mirror
D:11:     layout_small_grid, gauntlet_entry_generic, minivault_22
D:12:     layout_irregular_city, corner_web_ring, yredelemnul_altar_generic
D:13:     layout_basic, portal_ice_cave_entry_ice_simulacra,
          lightli_wizard_tower
D:14:     layout_basic, hangedman_vaults_entry_quadrant_bands, hex_intersection,
          uniq_frances, uniq_nessos, uniq_louise
Lair:1:   layout_gridlike, gammafunk_ghost_abyssal_escape, lemuel_fruit_fields
Lair:2:   layout_cave_pods, spider_nest_entry_funnel_web
Lair:3:   cheibrodos_magma_flow, layout_hall_layers, shoals_dummy_entry,
          special_room [special_room_mythical_zoo]
Lair:4:   layout_gridlike, nicolae_slime_entry_slimehenge,
          nicolae_volcano_entry_lava_flow, dreamdust_gnoll_shepherd,
          grunt_megastairs_4
Lair:5:   gammafunk_lair_ancient_temple, layout_cave_shapes,
          cheibrodos_lair_lostbears
Shoals:1: nicolae_shoals_offshore_bank_account, layout_shoals, uniq_roxanne,
          uniq_aizul
Spider:1: layout_spider_delve, nicolae_spider_undead_wolf_pack, uniq_josephine
Spider:2: layout_spider_delve, gammafunk_ghost_necromancy,
          nicolae_spider_bug_shape, nicolae_spider_cling_halls
Spider:3: layout_chambers, nicolae_spider_jagged_tunnels, uniq_azrael
Orc:1:    layout_diamond_mine, einodemon_armed_red_devil_minivault
Orc:2:    hellmonk_orc_salted, layout_caves, gammafunk_ghost_split
Abyss:2:  base: Lair:5, base: Lair:5, minivault_5, base:
D:11

Skill      XL: |  1  2  3  4  5  6  7  8  9 10 11 12 13 14 15 16 17 |
---------------+----------------------------------------------------+-----
Dodging        | 2 3 4 5 6 7 9 10 | 10.8
Fighting       | 2 3 4 5 6 7 9 10 12 | 12.5
Unarmed Combat | 4 5 6 7 8 10 11 | 11.8
Shapeshifting  | 4 5 6 7 13 14 | 14.6
Shields        | 1 3 4 5 6 9 10 | 10.5
Ranged Weapons | 1 2 3 5 6 8 10 14 | 14.0
Stealth        | 5 9 10 | 10.0

Action                     |  1- 3 |  4- 6 |  7- 9 | 10-12 | 13-15 | 16-18 || total
---------------------------+-------+-------+-------+-------+-------+-------++-------
  Melee: Unarmed           |    85 |   101 |   245 |   241 |   701 |    21 ||  1394
         Tailslap          |     5 |     8 |    30 |    36 |   155 |     7 ||   241
         Punch             |       |     3 |     2 |       |     2 |       ||     7
         Greatsling        |       |       |       |       |       |     2 ||     2
   Fire: Greatsling        |       |       |    69 |   481 |  1154 |  1182 ||  2886
 Invoke: Call Merchant     |       |       |       |     1 |     1 |       ||     2
         Potion Petition   |       |       |       |       |    12 |     1 ||    13
Ability: Begin Untransform |       |       |       |       |     2 |     2 ||     4
  Evoke: Wand              |       |     3 |       |       |       |       ||     3
    Use: Scroll            |       |    10 |     1 |     3 |    16 |       ||    30
         Potion            |       |     6 |     2 |     3 |    16 |     1 ||    28
   Stab: Sleeping          |       |     2 |       |       |       |       ||     2
         Distracted        |       |       |       |     3 |     4 |       ||     7
         Invisible         |       |       |       |       |     3 |       ||     3
 Armour: Skin              |    51 |    51 |   173 |   222 |   568 |   443 ||  1508
  Dodge: Dodged            |    80 |    69 |   155 |   250 |   629 |   538 ||  1721
  Block: Kite shield       |       |       |    82 |   197 |   662 |   705 ||  1646
   Form: Statue            |       |       |       |       |     1 |     4 ||     5
         Blade             |       |       |       |       |     1 |       ||     1
                           |       |       |       |       |       |     1 ||     1

Table legend: (Time is in decaauts)
 A = Elapsed time spent in this place.
 B = Non-inter-level travel time spent in this place.
 C = Inter-level travel time spent in this place.
 D = Time resting spent in this place.
 E = Time spent auto-exploring this place.
 F = Levels seen in this place.
 G = Mean time per level.
                   A        B        C        D        E       F      G
               +--------+--------+--------+--------+--------+-----+--------+
         Total |  37529 |  35169 |   2360 |   9539 |  16921 |  31 | 1210.6 |
       Dungeon |  13434 |  11970 |   1464 |   1600 |   7734 |  14 |  959.6 |
          Lair |   9694 |   9049 |    645 |   2590 |   4446 |   5 | 1938.8 |
        Shoals |    748 |    718 |     30 |    255 |    262 |   1 |  748.0 |
   Spider Nest |   7434 |   7298 |    136 |   2741 |   3011 |   3 | 2478.0 |
  Orcish Mines |   2854 |   2771 |     83 |    863 |   1122 |   2 | 1427.0 |
         Abyss |    849 |    849 |      0 |    514 |      0 |   2 |  424.5 |
         Sewer |    275 |    275 |      0 |      0 |    149 |   1 |  275.0 |
      Ice Cave |    221 |    221 |      0 |     71 |      0 |   1 |  221.0 |
       Volcano |    867 |    867 |      0 |    516 |      0 |   1 |  867.0 |
      Gauntlet |   1149 |   1149 |      0 |    388 |    197 |   1 | 1149.0 |
               +--------+--------+--------+--------+--------+-----+--------+

Top non-repeatable levels by time:
Spider:1: 3326 daAuts
Spider:3: 2578 daAuts
  Lair:4: 2310 daAuts
  Lair:2: 2250 daAuts
  Lair:3: 1971 daAuts
    D:10: 1746 daAuts
  Lair:5: 1678 daAuts
   Orc:2: 1534 daAuts
Spider:2: 1529 daAuts
     D:8: 1527 daAuts
  Lair:1: 1484 daAuts
   Orc:1: 1320 daAuts
    D:13: 1295 daAuts
     D:7: 1285 daAuts
     D:9: 1239 daAuts
